 Dungeon Crawl Stone Soup version 0.29-a0-371-g91724d5b39 (webtiles) character file.

Game seed: 804751768716738833

56 timneilson the Covered (level 3, -2/23 HPs)
             Began as a Gargoyle Fighter on May 2, 2022.
             Slain by an iron imp (5 damage)
             ... summoned by Natasha
             ... on level 2 of the Dungeon.
             The game lasted 00:02:13 (1036 turns).

timneilson the Covered (Gargoyle Fighter)           Turns: 1036, Time: 00:02:14

Health: -2/23      AC: 11    Str: 21    XL:     3   Next: 97%
Magic:  3/3        EV:  9    Int:  8    God:
Gold:   94         SH:  4    Dex:  9    Spells: 2/2 levels left

rFire   . . .      SeeInvis .   a - +0 long sword
rCold   . . .      Faith    .   c - +0 buckler
rNeg    + . .      Spirit   .   b - +0 scale mail
rPois   ∞          Reflect  .   g - +0 helmet
rElec   +          Harm     .   (no cloak)
rCorr   .          Rampage  .   (no gloves)
Will    .....                   (no boots)
Stlth   ..........              (no amulet)
HPRegen 0.07/turn               (no ring)
MPRegen 0.08/turn               (no ring)

@: no status effects
A: sickness immunity, AC +3, negative energy resistance 1, electricity
resistance, torment resistance 1, petrification resistance
a: no special abilities


You were on level 2 of the Dungeon.
You visited 1 branch of the dungeon, and saw 2 of its levels.

You collected 94 gold pieces.

Inventory:

Hand Weapons
 a - a +0 long sword (weapon)
Armour
 b - a +0 scale mail (worn)
 c - a +0 buckler (worn)
 g - a +0 helmet (worn)
Potions
 f - a potion of haste
 h - a potion of flight
 j - a potion of heal wounds {unknown}


   Skills:
 + Level 3.5 Fighting
 * Level 2.4 Long Blades
 * Level 3.9 Armour
 + Level 0.6 Dodging
 * Level 3.8 Shields


You had 2 spell levels left.
You didn't know any spells.
Your spell library contained the following spells:

 Spells                   Type           Power      Damage    Failure   Level
 Animate Skeleton         Necr           0%         N/A       83%         1
 Apportation              Tloc           0%         N/A       83%         1
 Summon Small Mammal      Summ           0%         N/A       83%         1


Dungeon Overview and Level Annotations

Branches:
Dungeon (2/15)

Altars:

Annotations:
D:2 Natasha


Innate Abilities, Weirdness & Mutations

You are immune to sickness and miasma.
Your stone body is resilient. (AC +3)
You are immune to poison.
You resist negative energy. (rN+)
You are resistant to electric shocks. (rElec)
You are resistant to unholy torment.
You are immune to petrification.


Message History

You barely resist. Natasha barely misses you.
You miss Natasha.
Natasha is lightly wounded.
The bat hits you but does no damage. The shadow imp closely misses you.
You block Natasha's attack. The bat closely misses you.
The shadow imp closely misses you.
You slash Natasha!
Natasha is severely wounded.
You block the bat's attack. Natasha claws you but does no damage.
The shadow imp hits you. The bat closely misses you.
Natasha mumbles some strange words.
You closely miss Natasha.
Natasha is severely wounded.
The bat closely misses you. The shadow imp hits you.
Natasha casts a spell at you. The magic dart hits you.
You closely miss Natasha.
Natasha is severely wounded.
The bat hits you but does no damage. You block the shadow imp's attack.
Natasha claws you.
You closely miss Natasha.
Natasha is severely wounded.
The shadow imp closely misses you. You block the white imp's attack.
Natasha claws you. The shadow imp hits you.
You hit Natasha.
Natasha is almost dead.
The white imp barely misses you.
Natasha casts a spell.
You block the shadow imp's attack. Natasha misses you.
The white imp barely misses you.
You closely miss Natasha.
Natasha is almost dead.
You block the shadow imp's attack. The white imp gestures at you.
The puff of frost hits you!
* * * LOW HITPOINT WARNING * * *
Natasha howls an incantation.
Natasha's front paws start to glow.
Natasha claws you but does no damage. The iron imp hits you.
You die...

# #.# #.##.# #.###
#....## . ....#
#..#.. .. .##.#
###..#.##.. .##..
........ ###
.##..###
#....##...#
.......#
#....h....#. ####
#<######...@5b(...#
#.....†....55......
###################


You could see an iron imp (summoned), Natasha, a white imp (summoned), a shadow
imp (summoned) and a bat.

Vanquished Creatures
  Natasha (D:2)
  An adder (D:2)
  A worm (D:2)
  2 dart slugs
  2 endoplasms (D:1)
  A giant cockroach (D:2)
  A hobgoblin (D:1)
  2 jackals (D:1)
  A ball python (D:1)
  A frilled lizard (D:1)
  3 goblins (D:1)
  A rat (D:1)
17 creatures vanquished.

Notes
Turn   | Place    | Note
-------+----------+-------------------------------------------
     0 | D:1      | timneilson the Gargoyle Fighter began the quest for the
                  | Orb.
     0 | D:1      | Reached XP level 1. HP: 14/14 MP: 1/1
   297 | D:1      | You fall into a shaft and drop 1 floor!
   318 | D:2      | Noticed Natasha
   330 | D:2      | Reached XP level 2. HP: 12/19 MP: 2/2
   330 | D:2      | Noticed a crimson imp
   332 | D:2      | Killed Natasha
   333 | D:2      | Reached XP level 3. HP: 9/23 MP: 3/3
  1022 | D:2      | Noticed Natasha
  1036 | D:2      | Slain by an iron imp

Illustrated notes

Levels and vault maps discovered:
D:1:      lightli_arrival_chessboard, layout_rooms
D:2:      layout_loops_ring, shapermc_ecumenical_altar_starsandcircs,
          grunt_decor_arrowhead, uniq_natasha

Skill      XL: |  1 |
---------------+----+-----
Long Blades    | 2 |  2.4
Fighting       | |  3.5
Armour         | |  3.9
Dodging        | |  0.6
Shields        | |  3.8

Action                   || total
-------------------------++-------
Melee: Long sword        ||    65
  Use: Potion            ||     1
       Scroll            ||     7
Armor: Scale mail        ||    36
Dodge: Dodged            ||    36
Block: Buckler           ||    17

Table legend: (Time is in decaauts)
 A = Elapsed time spent in this place.
 B = Non-inter-level travel time spent in this place.
 C = Inter-level travel time spent in this place.
 D = Time resting spent in this place.
 E = Time spent auto-exploring this place.
 F = Levels seen in this place.
 G = Mean time per level.
                   A        B        C        D        E       F      G
               +--------+--------+--------+--------+--------+-----+--------+
         Total |   1058 |   1025 |     33 |      0 |    689 |   2 |  529.0 |
       Dungeon |   1058 |   1025 |     33 |      0 |    689 |   2 |  529.0 |
               +--------+--------+--------+--------+--------+-----+--------+

Top non-repeatable levels by time:
     D:1: 667 daAuts
     D:2: 390 daAuts
